 Dungeon Crawl Stone Soup version 0.28.0-43-g3370ac3207 (webtiles) character file.

Game seed: 17102822367950842393

970 DildoBatman the Magician (level 8, -1/56 HPs)
             Began as a Formicid Conjurer on Mar 26, 2022.
             Was an Initiate of Kikubaaqudgha.
             Slain by Duvessa
             ... wielding a +0 short sword
              (7 damage)
             ... on level 5 of the Dungeon.
             The game lasted 00:14:50 (5163 turns).

DildoBatman the Magician (Formicid Conjurer)        Turns: 5163, Time: 00:14:51

Health: -1/56      AC:  4    Str: 13    XL:     8   Next: 38%
Magic:  9/18       EV: 12    Int: 17    God:    Kikubaaqudgha [......]
Gold:   173        SH:  0    Dex: 11    Spells: 18/21 levels left

rFire   + + .      SeeInvis +   b - +3 whip (vamp)
rCold   . . .      Faith    +   (no shield)
rNeg    . . .      Spirit   .   I - +2 robe {rF+}
rPois   .          Reflect  .   (helmet unavailable)
rElec   .          Harm     .   w - scarf {+Inv}
rCorr   .          Rampage  .   (no gloves)
Will    +....                   (no boots)
Stlth   ++........              o - amulet of faith
HPRegen 0.18/turn               p - ring of protection from fire
MPRegen 0.16/turn               B - ring of willpower

@: no status effects
A: permanent stasis, dig shafts and tunnels, antennae 3, four strong arms
a: Dig, Shaft Self, Renounce Religion, Evoke Invisibility


You were on level 5 of the Dungeon.
You worshipped Kikubaaqudgha.
Kikubaaqudgha was noncommittal.
You visited 2 branches of the dungeon, and saw 6 of its levels.

You collected 173 gold pieces.

Inventory:

Hand Weapons
 a - a +0 hunting sling
 b - a +3 vampiric whip (weapon)
 u - a +0 long sword
Missiles
 h - 156 stones
 j - 71 arrows
 n - 11 atropa-tipped darts
 y - 13 poisoned darts
 D - 6 sling bullets
 F - 5 boomerangs
Armour
 v - a +1 ring mail of cold resistance
 w - a scarf of invisibility (worn)
 I - a +2 robe of fire resistance (worn)
Magical Staves
 l - a staff of air
 G - a staff of fire
Jewellery
 o - an amulet of faith (around neck)
 p - a ring of protection from fire (left hand)
 B - a ring of willpower (right hand)
 H - a ring of resist corrosion
Wands
 q - a wand of paralysis (11)
 C - a wand of digging (6)
Scrolls
 d - a scroll of fear {unknown}
 e - 2 scrolls of noise {unknown}
 i - 2 scrolls of fog {unknown}
 r - 7 scrolls of identify {unknown}
 t - a scroll of blinking {unknown}
 A - a scroll of enchant armour {unknown}
Potions
 c - a potion of heal wounds {unknown}
 f - 2 potions of curing {unknown}
 g - a potion of haste
 k - 2 potions of degeneration {unknown}
 m - 2 potions of mutation {unknown}
 s - a potion of lignification
 x - 2 potions of attraction {unknown}
 z - 2 potions of flight {unknown}
 E - a potion of ambrosia {unknown}


   Skills:
 * Level 2.2 Fighting
 * Level 2.3 Armour
 * Level 2.0 Dodging
 - Level 2.4 Stealth
 - Level 7.0 Spellcasting
 - Level 6.0 Conjurations


You had 18 spell levels left.
You knew the following spells:

 Your Spells              Type           Power      Damage    Failure   Level
a - Searing Ray           Conj           52%        2d6       1%          2
c - Magic Dart            Conj           100%       1d8       1%          1

Your spell library contained the following spells:

 Spells                   Type           Power      Damage    Failure   Level
 Dazzling Flash           Conj/Hex       32%        N/A       10%         3
 Animate Skeleton         Necr           10%        N/A       12%         1
 Apportation              Tloc           10%        N/A       12%         1
 Summon Small Mammal      Summ           20%        N/A       12%         1
 Ensorcelled Hibernation  Hex/Ice        10%        N/A       17%         2
 Passwall                 Tmut/Erth      4%         N/A       17%         2
 Fulminant Prism          Conj/Hex       8%         3d7       32%         4
 Iskenderun's Mystic Bla  Conj/Tloc      16%        2d5       32%         4
 Swiftness                Air            Unusable   N/A       N/A         3

Dungeon Overview and Level Annotations

Branches:
Dungeon (5/15)             Temple (1/1) D:4

Altars:
Cheibriados
Elyvilon
Gozag
Kikubaaqudgha
Nemelex Xobeh
Ru
Vehumet
Xom
Zin
The Shining One

Annotations:
D:5 Duvessa


Innate Abilities, Weirdness & Mutations

You cannot be hasted, slowed, berserked, paralysed or teleported.
You can dig through walls and to a lower floor.
You have a pair of large antennae on your head. (SInv)
Your four strong arms can wield two-handed weapons with a shield.


Message History

Confirm with . or Enter, or press ? or * to list all spells.
Aiming: Magic Dart (safe; 1% risk of failure)
Press: ? - help, Shift-Dir - straight line, f - Duvessa
Aim: Duvessa, wielding a +0 short sword and wearing a +0 leather armour (berserk, 100% to hit)
The magic dart hits Duvessa but does no damage.
Casting: Magic Dart (safe; 1% risk of failure)
Confirm with . or Enter, or press ? or * to list all spells.
Aiming: Searing Ray (safe; 1% risk of failure)
Press: ? - help, Shift-Dir - straight line, f/p - Duvessa
Aim: Duvessa, wielding a +0 short sword and wearing a +0 leather armour (berserk, 82% to hit)
The searing ray hits Duvessa but does no damage. (Press . to maintain the ray.)
The searing ray hits Duvessa.
Duvessa is lightly wounded.
The searing ray hits Duvessa!
Duvessa is moderately wounded.
Duvessa hits you with a +0 short sword. Duvessa hits you with a +0 short sword!
The searing ray hits Duvessa.
Duvessa is moderately wounded.
You finish channelling your searing ray.
Duvessa hits you with a +0 short sword!
Casting: Searing Ray (safe; 1% risk of failure)
Confirm with . or Enter, or press ? or * to list all spells.
Aiming: Searing Ray (safe; 1% risk of failure)
Press: ? - help, Shift-Dir - straight line, f/p - Duvessa
Aim: Duvessa, wielding a +0 short sword and wearing a +0 leather armour (moderately wounded, berserk, 82% to hit)
The searing ray hits Duvessa.
Duvessa is heavily wounded. (Press . to maintain the ray.) Duvessa barely misses you.
Duvessa hits you with a +0 short sword!
The searing ray hits Duvessa.
Duvessa is heavily wounded.
Duvessa hits you with a +0 short sword!
The searing ray hits Duvessa.
Duvessa is heavily wounded.
Duvessa hits you with a +0 short sword!
You die...
Kikubaaqudgha rasps: "You have failed me!
Welcome... death!"

#..##### ##..##.## #.#
.......# #...##.# #.#
#..###.######
#..###.#####.###### #..#
#......# #..# #............#
...# ######.# #..#
#.#####.####.# ##.# #.#
#..###.#####.# #.#
##)########.# #..........e.#
#..
#...........###.####.....###
##.
...#######..#...@e........#
#.
#...............####.###..#
#. ............>.### #.#
#..# #.
#..######...#.######.# #..##
#† ...######............#
#...# #.
...##......##.######## ##..#
#. #.............# #..# ##
##.##.####.####
######..##### #.#...###.#
#...........#


You could see Duvessa (berserk).

Vanquished Creatures
  A black bear (D:5)
  A necrophage (D:4)
  An ogre (D:5)
  A phantom (D:5)
  Dowan (D:5)
  A hound (D:5)
  2 orc priests
  2 bullfrog zombies
  A gnoll shaman (D:5)
  An orc wizard (D:4)
  Ijyb (D:5)
  3 iguanas
  A hound skeleton (D:4)
  7 gnolls
  7 adders
  4 worms
  2 dart slugs
  21 orcs
  7 ball pythons
  11 endoplasms
  5 giant cockroaches
  4 goblins
  12 hobgoblins
  A jackal (D:3)
  6 kobolds
  3 quokkas
  3 bats
  5 rats
  A butterfly (D:3)
116 creatures vanquished.

Vanquished Creatures (others)
  35 plants (D:5)
35 creatures vanquished.

Grand Total: 151 creatures vanquished

Notes
Turn   | Place    | Note
-------+----------+-------------------------------------------
     0 | D:1      | DildoBatman the Formicid Conjurer began the quest for the
                  | Orb.
     0 | D:1      | Reached XP level 1. HP: 13/13 MP: 3/3
   404 | D:1      | Reached XP level 2. HP: 19/19 MP: 1/5
   407 | D:1      | Learned a level 2 spell: Searing Ray
   571 | D:1      | You fall into a shaft and drop 1 floor!
   870 | D:2      | Found a faded altar of an unknown god.
   934 | D:1      | Reached XP level 3. HP: 24/24 MP: 3/6
  1381 | D:2      | Reached XP level 4. HP: 30/30 MP: 1/7
  1594 | D:2      | Reached skill level 5 in Conjurations
  1626 | D:3      | Found a snail-covered altar of Cheibriados.
  1821 | D:3      | Reached XP level 5. HP: 23/35 MP: 2/8
  2505 | D:3      | Reached XP level 6. HP: 42/42 MP: 4/9
  2691 | D:3      | Reached skill level 1 in Fighting
  2691 | D:3      | Reached skill level 1 in Armour
  2777 | D:4      | Noticed a necrophage
  2815 | D:4      | Killed a necrophage
  2816 | D:4      | Reached skill level 3 in Spellcasting
  3027 | D:4      | Reached XP level 7. HP: 38/50 MP: 6/12
  3038 | D:4      | Found an opulent altar of Gozag.
  3101 | D:4      | Reached skill level 4 in Spellcasting
  3465 | D:4      | Found a shimmering altar of Xom.
  3465 | D:4      | Found an ancient bone altar of Kikubaaqudgha.
  3465 | D:4      | Found a sparkling altar of Nemelex Xobeh.
  3472 | D:4      | Became a worshipper of Kikubaaqudgha
  3599 | D:4      | Found a staircase to the Ecumenical Temple.
  3605 | Temple   | Entered the Ecumenical Temple
  3784 | D:5      | Entered Level 5 of the Dungeon
  4111 | D:5      | Reached skill level 5 in Spellcasting
  4122 | D:5      | Found a sacrificial altar of Ru.
  4324 | D:5      | Reached skill level 6 in Spellcasting
  4324 | D:5      | Reached XP level 8. HP: 56/56 MP: 10/17
  4335 | D:5      | Found a radiant altar of Vehumet.
  4339 | D:5      | Noticed Dowan
  4575 | D:5      | Noticed Ijyb
  4587 | D:5      | Killed Ijyb
  4839 | D:5      | Reached skill level 7 in Spellcasting
  4965 | D:5      | Found a glowing silver altar of Zin.
  4968 | D:5      | Found a white marble altar of Elyvilon.
  4969 | D:5      | Found a glowing golden altar of the Shining One.
  5078 | D:5      | Noticed Duvessa
  5102 | D:5      | Killed Dowan
  5163 | D:5      | Slain by Duvessa

Illustrated notes

Levels and vault maps discovered:
D:1:      dpeg_arrival_round_c, layout_basic
D:2:      layout_basic, shapermc_ecumenical_altar_acropolis,
          kennysheep_small_spiral, kennysheep_generic_room_10
D:3:      minmay_chambers_of_twos, layout_basic,
          mainiacjoe_overflow_small_starburst, serial_aquarium,
          aquarium_bridge_square [aquarium_subvault_wall,
          aquarium_subvault_bridge, aquarium_subvault_window,
          aquarium_subvault_bridge], aquarium_bridge_straight
          [aquarium_subvault_bridge, aquarium_subvault_wall,
          aquarium_subvault_bridge, aquarium_subvault_wall], aquarium_window_1,
          aquarium_window_fake, aquarium_view_2g, aquarium_view_2a
D:4:      layout_basic, gammafunk_temple_overflow_claw,
          mainiacjoe_overflow_boulevard, minmay_temple_entry_fiery
D:5:      layout_loops_ring, good_gods_temple_1,
          mainiacjoe_overflow_catch_the_wave, uniq_ijyb, uniq_duvessa,
          uniq_menkaure
Temple:   jpeg_temple_island

Skill      XL: |  1  2  3  4  5  6  7  8 |
---------------+-------------------------+-----
Conjurations   | 4 5 6 |  6.0
Fighting       | 2 |  2.2
Armour         | 2 |  2.3
Spellcasting   | 3 6 7 |  7.0
Dodging        | 2 |  2.0
Stealth        | |  2.4

Action                   |  1- 3 |  4- 6 |  7- 9 || total
-------------------------+-------+-------+-------++-------
Melee: Mace              |    13 |       |       ||    13
       Whip              |       |    62 |    16 ||    78
 Fire: Hunting sling     |       |    86 |    33 ||   119
 Cast: Magic Dart        |    37 |    11 |     7 ||    55
       Searing Ray       |     6 |    19 |    26 ||    51
 Abil: Dig               |       |     1 |     1 ||     2
  Use: Potion            |       |       |     2 ||     2
Armor: Robe              |     5 |    15 |     3 ||    23
       Skin              |       |       |     2 ||     2
       Ring mail         |       |       |     6 ||     6
Dodge: Dodged            |    11 |    44 |    34 ||    89
